 Dungeon Crawl Stone Soup version 0.30-a0-1008-g30c9307041 (webtiles) character file.

Game seed: 16259700675347024792

143431 promet the Severer (level 16, -2/151 HPs)
             Began as a Minotaur Fighter on Apr 5, 2023.
             Was a Priest of Ru.
             Slain by the 27-headed Lernaean hydra (5 damage)
             ... on level 4 of the Swamp on Apr 6, 2023.
             The game lasted 05:26:42 (51672 turns).

promet the Severer (Minotaur Fighter)              Turns: 51672, Time: 05:26:43

Health: -2/151     AC: 15    Str: 22    XL:     16   Next: 82%
Magic:  15/15      EV: 16    Int: 10    God:    Ru [***...]
Gold:   2078       SH:  0    Dex: 11    Spells: 14/15 levels left

rFire   + . .      SeeInvis .    b - +4 arbalest (heavy)
rCold   . . .      Faith    .    (shield currently unavailable)
rNeg    + . .      Spirit   .    O - +1 acid dragon scales
rPois   +          Reflect  .    l - +1 hat
rElec   .          Rampage  .    t - +2 ratskin cloak {*Rats rPois rN+ Str-1 Int-1 Dex+1}
rCorr   +                        p - +1 pair of gloves
Will    +....                    r - +1 pair of boots
Stlth   +                        K - amulet of regeneration
HPRegen 1.25/turn                U - ring of protection from fire
MPRegen 0.14/turn                g - +5 ring of evasion

@: studying Staves, invisible, very slow
A: horns 2, inability to train dodging, reduced AC 1, retaliatory headbutt
a: Renounce Religion, Draw Out Power


You were on level 4 of the Swamp.
You worshipped Ru.
Ru was most pleased with you.
You visited 5 branches of the dungeon, and saw 27 of its levels.

You collected 2953 gold pieces.
You spent 875 gold pieces at shops.

Inventory:

Hand Weapons
 a - a +6 heavy war axe
 b - a +4 heavy arbalest (weapon)
 c - a +1 heavy flail
 d - the +3 trident of the Sage {heavy, Str+3}
   (You found it on level 12 of the Dungeon)

   Str:       It affects your strength (+3).
 e - a +0 morningstar of flaming
 v - a +1 rapier of venom
 x - a +4 great sword of flaming
 D - a +2 vampiric war axe
 P - a +2 dire flail of holy wrath
Missiles
 s - 38 poisoned darts
 u - 8 boomerangs
 G - 5 atropa-tipped darts
 Y - 13 curare-tipped darts
Armour
 k - a +2 buckler of protection
 l - a +1 hat (worn)
 p - a +1 pair of gloves (worn)
 r - a +1 pair of boots (worn)
 t - the +2 ratskin cloak (worn) {*Rats rPois rN+ Str-1 Int-1 Dex+1}
   (You found it on level 5 of the Dungeon)

   *Rats:     When the wearer is hurt, rats may emerge from it to assist them.
   Str:       It affects your strength (-1).
   Int:       It affects your intelligence (-1).
   Dex:       It affects your dexterity (+1).
   rPois:     It protects you from poison.
   rN:        It protects you from negative energy.
 w - a +4 scale mail
 I - the +0 tower shield "Ataowaon" {rPois rCorr}
   (You bought it in a shop on level 2 of the Orcish Mines)

   rPois:     It protects you from poison.
   rCorr:     It protects you from acid and corrosion.
 O - +1 acid dragon scales (worn)
Jewellery
 g - a +5 ring of evasion (right hand)
 y - a +6 ring of strength
 K - an amulet of regeneration (around neck)
 U - a ring of protection from fire (left hand)
 Z - a ring of resist corrosion
Wands
 q - a wand of polymorph (15)
 C - a wand of charming (26)
 E - a wand of flame (40)
 F - a wand of quicksilver (6)
 H - a wand of digging (5)
 R - a wand of iceblast (8)
Scrolls
 i - 4 scrolls of fog
 j - 2 scrolls of amnesia
 o - 9 scrolls of teleportation
 A - 13 scrolls of identify
 B - 4 scrolls of magic mapping
 S - 2 scrolls of silence
 T - 3 scrolls of poison
 X - a scroll of fear
Potions
 f - a potion of invisibility
 h - 13 potions of curing
 z - 2 potions of attraction
 J - 2 potions of ambrosia
 N - 2 potions of cancellation
 Q - 3 potions of might
 V - 2 potions of flight
 W - a potion of haste
Miscellaneous
 M - a piece from Xom's chessboard (15/15)


   Skills:
 + Level 16.0 Fighting
 + Level 5.9 Long Blades
 + Level 17.2(17.5) Axes
 + Level 5.6(12.5) Maces & Flails
 + Level 13.4 Ranged Weapons
 + Level 6.2 Throwing
 + Level 13.0 Armour
 * Level 4.8 Stealth
 + Level 11.0 Shields
 + Level 0.1 Summonings
 + Level 6.8 Evocations


You had 14 spell levels left.
You knew the following spells:

 Your Spells              Type           Power      Damage    Failure   Level
a - Summon Small Mammal   Summ           0%         N/A       38%         1

Your spell library contained the following spells:

 Spells                   Type           Power      Damage    Failure   Level
 Apportation              Tloc           0%         N/A       41%         1
 Necrotise                Necr           0%         1d4       41%         1
 Sandblast                Erth           0%         2d4       41%         1
 Shock                    Conj/Air       0%         1d3       41%         1
 Ensorcelled Hibernation  Hex/Ice        0%         N/A       56%         2
 Passwall                 Tmut/Erth      0%         N/A       56%         2
 Scorch                   Fire           0%         2d5       56%         2
 Sublimation of Blood     Necr           0%         N/A       56%         2
 Wereblood                Tmut           0%         N/A       56%         2
 Call Canine Familiar     Summ           0%         N/A       77%         3
 Summon Guardian Golem    Hex/Summ       0%         N/A       78%         3
 Ignite Poison            Fire/Tmut/Pois 0%         N/A       80%         3
 Ozocubu's Armour         Ice            0%         N/A       80%         3
 Stone Arrow              Conj/Erth      0%         3d7       80%         3
 Swiftness                Air            0%         N/A       80%         3
 Airstrike                Air            0%         2d(0-16)  99%         4
 Flame Wave               Conj/Fire      0%         2d4       99%         4
 Olgreb's Toxic Radiance  Pois           0%         N/A       99%         4
 Passage of Golubria      Tloc           0%         N/A       99%         4
 Sticky Flame             Conj/Fire      0%         2d3       99%         4
 Alistair's Intoxication  Tmut/Pois      0%         N/A       100%        5
 Silence                  Hex/Air        0%         N/A       100%        5
 Summon Cactus Giant      Summ           0%         N/A       100%        6
 Ozocubu's Refrigeration  Ice            0%         4d7       100%        7
 Summon Hydra             Summ           0%         N/A       100%        7
 Discord                  Hex            0%         N/A       100%        8
 Ignition                 Fire           0%         3d3       100%        8
 Lehudib's Crystal Spear  Conj/Erth      0%         10d2      100%        8
 Summon Horrible Things   Summ           0%         N/A       100%        8


Dungeon Overview and Level Annotations

Branches:
Dungeon (15/15)            Temple (1/1) D:5            Lair (5/5) D:9
  Swamp (4/4) Lair:3        Snake (0/4) Lair:2        Slime (0/5) Lair:4
    Orc (2/2) D:11            Elf (0/3) Orc:2        Vaults (0/5) D:14
 Depths (0/4) D:15

Altars:
Ashenzari
Dithmenos
Elyvilon
Fedhas
Gozag
Kikubaaqudgha
Nemelex Xobeh
Qazlal
Ru
Sif Muna
Vehumet
Wu Jian
Zin

Shops:
D:2 (   Orc:2 [([(

Annotations:
Lair:3 exclusion: oklob plant
Lair:4 1 runed translucent door
Swamp:4 Lernaean hydra


Innate Abilities, Weirdness & Mutations

You have a pair of horns on your head.
You cannot train Dodging skill.
You take slightly more damage. (AC -5)
You reflexively headbutt those who attack you in melee.


Message History

The 27-headed Lernaean hydra bites you but does no damage.
Okay, then.
You enter the shallow water.
Moving in this stuff is going to be slow. ...and don't expect to remain undetected.
The 27-headed Lernaean hydra attacks as you move away!
The 27-headed Lernaean hydra bites you but does no damage. x2
The 27-headed Lernaean hydra bites you!
The 27-headed Lernaean hydra bites you but does no damage.
The 27-headed Lernaean hydra completely misses you. x2
The 27-headed Lernaean hydra bites you but does no damage. x2
The 27-headed Lernaean hydra bites you! The 27-headed Lernaean hydra bites you.
The 27-headed Lernaean hydra barely misses you.
The 27-headed Lernaean hydra bites you! The 27-headed Lernaean hydra bites you.
The 27-headed Lernaean hydra closely misses you.
The 27-headed Lernaean hydra completely misses you.
The 27-headed Lernaean hydra bites you!
* * * LOW HITPOINT WARNING * * *
The 27-headed Lernaean hydra bites you but does no damage.
The 27-headed Lernaean hydra bites you.
* * * LOW HITPOINT WARNING * * *
The 27-headed Lernaean hydra closely misses you.
The 27-headed Lernaean hydra completely misses you.
The 27-headed Lernaean hydra bites you!
* * * LOW HITPOINT WARNING * * *
The 27-headed Lernaean hydra closely misses you.
The 27-headed Lernaean hydra bites you but does no damage. x3
The 27-headed Lernaean hydra bites you.
* * * LOW HITPOINT WARNING * * *
The 27-headed Lernaean hydra bites you!
* * * LOW HITPOINT WARNING * * *
The 27-headed Lernaean hydra bites you.
* * * LOW HITPOINT WARNING * * *
The 27-headed Lernaean hydra bites you but does no damage.
The 27-headed Lernaean hydra bites you!
* * * LOW HITPOINT WARNING * * *
A river rat scurries out from under your cloak.
The 27-headed Lernaean hydra bites you but does no damage. x3
The 27-headed Lernaean hydra bites you.
You die...

≈♣.~♣~..~~♣..~~~~~.~♣.~~~♣♣♣§~~~~
≈≈≈♣.~~§~.~...~~§~.~♣.~~~.♣♣~~~~~
≈≈≈♣.~~~~~.......~~.~~~~~~~~..~.~
≈≈♣♣~..~~......♣♣♣♣.~~~~~.♣♣♣~♣(~
≈♣ ♣♣♣~...~~~..♣ ♣.~~..~♣♣ ♣♣♣.~
♣ ♣♣♣♣.~~~.~♣♣♣♣.~§~..♣ ♣..
♣~.§~~~~~~♣.~.§.♣♣ ♣~~
♣♣♣...§§~....~♣♣♣ ♣.~
♣~~~.rD@.....♣ ♣.. ♣~§~♣♣♣~~~~§~♣
♣♣. ♣.~.♣ ♣♣.§~~.♣ ♣♣ ♣♣♣♣♣
♣♣..~♣♣ ♣ ♣♣♣♣♣


You could see the 27-headed Lernaean hydra (ally target) and a friendly river
rat.

Vanquished Creatures
  A tentacled monstrosity (Swamp:4)
  A sphinx (D:12)
  A fire giant (D:14)
  3 eleionomae
  5 bunyips
  A stone giant (Orc:1)
  Josephine (Orc:1)
  A fire dragon (D:14)
  2 ghost crabs
  12 hydras
  2 ogre magi (Orc:2)
  4 centaur warriors
  4 boulder beetles
  4 catoblepae
  13 two-headed ogres
  7 alligators
  3 tengu warriors
  4 death yaks (Lair:4)
  2 orc high priests (Orc:2)
  5 goliath frogs
  Lodul (D:13)
  A skyshark (Lair:5)
  5 skeletal warriors
  2 deep trolls
  14 bog bodies
  11 swamp dragons
  An orc knight (D:12)
  2 deep elf pyromancers
  4 will-o-the-wisps
  24 ugly things
  4 manticores
  9 cyclopes
  6 elephants (Lair:3)
  3 gargoyles
  4 black mambas
  2 torpor snails
  Maggie (D:9)
  3 rime drakes (Lair:4)
  11 cane toads
  An efreet (D:14)
  A kobold demonologist (D:12)
  12 komodo dragons
  A bloated husk (Swamp:2)
  10 polar bears
  14 trolls
  8 tyrant leeches
  16 hornets
  25 blink frogs
  2 dream sheep (Lair:5)
  7 slime creatures
  22 spriggans
  3 wyverns
  6 wraiths
  50 yaks
  A golden eye (shapeshifter) (D:14)
  Grum (D:9)
  18 vampire mosquitoes
  2 basilisks
  15 swamp worms
  5 wargs
  A redback simulacrum (D:15)
  Edmund (D:6)
  3 nagas (Lair:2)
  3 acid dragons
  10 water moccasins
  17 orc warriors
  2 sky beasts (D:8)
  9 swamp drakes
  2 black bears
  2 ice beasts
  24 ogres
  3 boggarts (Lair:5)
  28 wolves
  6 centaurs
  3 kobold brigands
  A gnoll sergeant (D:7)
  10 bullfrogs
  2 scorpions
  3 elf skeletons (D:6)
  13 wights (D:8)
  15 killer bees
  A howler monkey (D:5)
  6 electric eels
  3 hounds (D:9)
  A jelly (D:4)
  10 orc priests
  A human zombie (D:6)
  2 human skeletons (D:6)
  A sleepcap (D:5)
  4 iguanas
  12 orc wizards
  5 hell rats (D:5)
  Robin (D:3)
  14 gnolls
  6 adders
  14 river rats (D:5)
  A shadow imp (D:7)
  2 white imps
  2 ufetubi
  3 worms
  2 dart slugs
  67 orcs
  9 ball pythons
  6 endoplasms
  3 giant cockroaches
  22 goblins
  7 hobgoblins
  3 jackals (D:2)
  5 quokkas
  4 bats
  3 frilled lizards
  16 kobolds
  2 orc skeletons (D:6)
  An orc zombie (D:6)
  7 rats
808 creatures vanquished.

Vanquished Creatures (collateral kills)
  A two-headed ogre (D:14)
  A manticore (D:13)
  An ugly thing (D:14)
  A cane toad (Lair:4)
  A black mamba (Lair:4)
  A troll (Orc:2)
  A polar bear (Lair:4)
  2 yaks (Lair:4)
  An ice beast (D:6)
  An orc warrior (Orc:1)
  A bullfrog (D:7)
  2 wights (D:8)
  An electric eel (D:9)
  A human zombie (D:6)
  A gnoll (D:7)
  2 orcs (Orc:1)
  An orc skeleton (D:6)
20 creatures vanquished.

Vanquished Creatures (others)
  43 foxfires
  54 fungi
  60 plants
157 creatures vanquished.

Grand Total: 985 creatures vanquished

Notes
Turn   | Place    | Note
-------+----------+-------------------------------------------
     0 | D:1      | promet the Minotaur Fighter began the quest for the Orb.
     0 | D:1      | Reached XP level 1. HP: 19/19 MP: 0/0
    83 | D:1      | Reached XP level 2. HP: 27/27 MP: 1/1
  1001 | D:2      | Found Dopyuvyh's Weapon Boutique.
  1098 | D:2      | Reached XP level 3. HP: 33/33 MP: 2/2
  1293 | D:2      | Found a shimmering blue altar of Sif Muna.
  1704 | D:2      | Reached XP level 4. HP: 24/40 MP: 3/3
  1813 | D:2      | Reached skill level 3 in Axes
  1920 | D:2      | Reached skill level 5 in Armour
  2341 | D:2      | Reached XP level 5. HP: 47/47 MP: 4/4
  2506 | D:3      | Noticed Robin
  2522 | D:3      | Killed Robin
  2533 | D:3      | Reached skill level 4 in Axes
  3002 | D:4      | Reached skill level 5 in Fighting
  3386 | D:4      | Reached XP level 6. HP: 45/56 MP: 5/5
  3392 | D:4      | Reached skill level 1 in Dodging
  3396 | D:4      | Reached skill level 5 in Axes
  4077 | D:5      | Entered Level 5 of the Dungeon
  4211 | D:5      | Found a staircase to the Ecumenical Temple.
  4645 | D:5      | Reached XP level 7. HP: 59/61 MP: 6/6
  4703 | D:5      | HP: 2/51 [hell rat (4)]
  4988 | Temple   | Entered the Ecumenical Temple
  5009 | Temple   | Became a worshipper of Ru the Awakened
  5286 | D:5      | Reached skill level 6 in Axes
  6058 | D:5      | Found the +2 ratskin cloak {*Rats rPois rN+ Str-1 Int-1
                  | Dex+1}
  6481 | D:2      | Bought 5 poisoned darts for 39 gold pieces
  6731 | D:6      | Reached skill level 5 in Shields
  6731 | D:6      | Reached XP level 8. HP: 51/70 MP: 7/7
  6903 | D:5      | Reached skill level 7 in Axes
  7394 | D:6      | Reached skill level 8 in Axes
  7497 | D:6      | Noticed Edmund
  7509 | D:6      | Killed Edmund
  7510 | D:6      | Reached XP level 9. HP: 68/78 MP: 8/8
  8056 | D:7      | Reached skill level 1 in Maces & Flails
  8332 | D:7      | HP: 3/79 [shadow imp/nerve-wracking pain (5)]
  8339 | D:7      | Reached skill level 1 in Throwing
  9401 | D:8      | Found a white marble altar of Elyvilon.
  9570 | D:8      | Found a blossoming altar of Fedhas.
  9657 | D:8      | Reached skill level 5 in Dodging
 10125 | D:8      | Reached skill level 9 in Axes
 10125 | D:8      | Reached XP level 10. HP: 74/88 MP: 9/9
 10144 | D:8      | Reached skill level 10 in Armour
 10248 | D:8      | Reached skill level 10 in Axes
 11018 | D:9      | Noticed Grum
 11097 | D:9      | Noticed a two-headed ogre
 11109 | D:9      | Killed a two-headed ogre
 11110 | D:9      | Reached skill level 11 in Axes
 11535 | D:9      | Noticed Maggie
 11560 | D:9      | Killed Maggie
 11699 | D:9      | Reached XP level 11. HP: 97/97 MP: 10/10
 12076 | D:9      | Paralysed by a hornet for 1 turns
 13409 | D:9      | Killed Grum
 13650 | D:9      | Reached skill level 1 in Ranged Weapons
 14604 | D:9      | Found a staircase to the Lair.
 14693 | D:10     | Entered Level 10 of the Dungeon
 14701 | D:10     | Found a glowing silver altar of Zin.
 14703 | D:10     | Found an ornate altar of the Wu Jian Council.
 14703 | D:10     | Found an ancient bone altar of Kikubaaqudgha.
 14780 | D:9      | Reached skill level 1 in Evocations
 15085 | D:10     | Identified the +0 ring mail "Qucual" {-Cast rPois Will-
                  | SInv}
 15200 | D:10     | Reached skill level 12 in Axes
 15246 | D:10     | Reached skill level 1 in Stealth
 16464 | Lair:1   | Entered Level 1 of the Lair of Beasts
 16686 | Lair:1   | Noticed a boulder beetle
 16697 | Lair:1   | Killed a boulder beetle
 18254 | Lair:2   | Reached skill level 5 in Ranged Weapons
 18512 | Lair:2   | Reached XP level 12. HP: 100/106 MP: 11/11
 18544 | Lair:2   | Reached skill level 10 in Fighting
 18613 | Lair:2   | Reached skill level 13 in Axes
 18765 | Lair:2   | Found a staircase to the Snake Pit.
 19401 | Lair:3   | Learned a level 1 spell: Summon Small Mammal
 19449 | Lair:3   | Found a blossoming altar of Fedhas.
 19461 | Lair:3   | You fall into a shaft and drop 2 floors!
 19461 | Lair:5   | Entered Level 5 of the Lair of Beasts
 19467 | Lair:5   | Noticed a four-headed hydra
 19467 | Lair:5   | Noticed a four-headed hydra
 19472 | Lair:5   | Noticed a death yak
 19472 | Lair:5   | Noticed a death yak
 19472 | Lair:5   | Noticed a death yak
 19472 | Lair:5   | Noticed a death yak
 19511 | Lair:4   | Killed a death yak
 19514 | Lair:4   | Killed a death yak
 20733 | Lair:3   | Reached skill level 14 in Axes
 20869 | Lair:3   | Found a staircase to the Swamp.
 21401 | Lair:4   | Got the Grimoire of Gathered Embers
 21511 | Lair:3   | Reached XP level 13. HP: 102/116 MP: 12/12
 21679 | Lair:4   | Found a runed translucent door.
 21681 | Lair:4   | Noticed an acid blob
 21682 | Lair:4   | Found a staircase to the Slime Pits.
 23147 | Lair:4   | Reached skill level 5 in Maces & Flails
 23337 | Lair:5   | Reached skill level 5 in Evocations
 24003 | Lair:5   | Reached skill level 15 in Axes
 24680 | Lair:5   | Reached XP level 14. HP: 125/126 MP: 13/13
 26008 | Lair:5   | Reached skill level 10 in Ranged Weapons
 26667 | D:11     | Found a staircase to the Orcish Mines.
 27314 | Orc:1    | Entered Level 1 of the Orcish Mines
 27808 | Orc:2    | Entered Level 2 of the Orcish Mines
 28197 | Orc:2    | Noticed a stone giant
 28204 | Orc:1    | Killed a stone giant
 28429 | Orc:2    | Found a staircase to the Elven Halls.
 28463 | Orc:2    | Reached skill level 16 in Axes
 28948 | Orc:2    | Found Roin's Weapon Emporium.
 28960 | Orc:2    | Found Zammen's Weapon Emporium.
 29204 | Orc:2    | Found Yfepser's Antique Armour Shop.
 29207 | Orc:2    | Found Soaliryu's Antique Armour Shoppe.
 29275 | Orc:2    | Reached skill level 10 in Shields
 29798 | Orc:1    | Noticed Josephine
 30029 | Orc:1    | Killed Josephine
 30580 | Orc:2    | Bought a +4 heavy arbalest for 391 gold pieces
 30739 | D:12     | Identified the +3 trident of the Sage {heavy, Str+3}
 31926 | D:12     | Found a runed translucent door.
 32410 | D:12     | Reached XP level 15. HP: 116/136 MP: 14/14
 32786 | D:12     | Noticed a sphinx
 32802 | D:12     | Killed a sphinx
 33512 | D:13     | Noticed Lodul
 33683 | D:13     | Killed Lodul
 35718 | D:14     | Reached skill level 10 in Dodging
 37779 | D:15     | Entered Level 15 of the Dungeon
 38455 | D:14     | Found a gate to the Vaults.
 38767 | D:15     | Noticed a fire giant
 38861 | D:15     | Found a staircase to the Depths.
 38885 | D:14     | Killed a fire giant
 39184 | Orc:2    | Bought a masterwork tower shield for 313 gold pieces
 39184 | Orc:2    | Identified the +0 tower shield "Ataowaon" {rPois rCorr}
                  | (You bought it in a shop on level 2 of the Orcish Mines)
 39184 | Orc:2    | Bought a hat for 132 gold pieces
 41183 | D:15     | Gained mutation: You take slightly more damage. (AC -5) [Ru
                  | sacrifice]
 41183 | D:15     | Reached * piety under Ru
 41765 | Swamp:1  | Entered Level 1 of the Swamp
 41776 | Swamp:1  | Reached skill level 5 in Throwing
 41821 | Swamp:1  | HP: 4/139 [will-o-the-wisp] (13)]
 42429 | Swamp:1  | Found a frozen archway.
 42655 | Swamp:1  | Reached XP level 16. HP: 134/147 MP: 15/15
 46818 | Swamp:2  | Reached skill level 15 in Fighting
 47908 | Swamp:3  | Reached skill level 1 in Long Blades
 48391 | Swamp:2  | Gained mutation: You cannot train Dodging skill. [Ru
                  | sacrifice]
 48391 | Swamp:2  | Reached ** piety under Ru
 48391 | Swamp:2  | Reached *** piety under Ru
 48853 | Swamp:4  | Entered Level 4 of the Swamp
 48886 | Swamp:4  | Reached skill level 17 in Axes
 50506 | Swamp:4  | Reached skill level 5 in Long Blades
 51530 | Swamp:4  | Noticed a tentacled monstrosity
 51542 | Swamp:4  | Killed a tentacled monstrosity
 51658 | Swamp:4  | Noticed the 27-headed Lernaean hydra
 51672 | Swamp:4  | HP: 3/151 [the 27-headed Lernaean hydra (13)]
 51672 | Swamp:4  | Slain by the 27-headed Lernaean hydra

Illustrated notes

Levels and vault maps discovered:
D:1:      beargit_arrival_diablo_church, layout_loops_ring,
          hangedman_decor_lopped
D:2:      layout_basic, serial_shops, shop, basic_altar
D:3:      layout_rooms, uniq_robin
D:4:      layout_rooms, minmay_liquid_box, dreamdust_wishing_well,
          minmay_misc_feat_nine_boxes, kennysheep_decorative_pillar,
          minmay_misc_feat_rows
D:5:      wander_guarded_unrand_ratskin, layout_loops_ring,
          minmay_temple_entry_ruins
D:6:      layout_loops_ring, nicolae_ossuary_entry_catacombs,
          minmay_misc_feat_five, chequers_serial_rivers_micro_b, uniq_edmund
D:7:      layout_gridville, minmay_manual_mess
D:8:      layout_basic, mainiacjoe_overflow_brackets, kennysheep_small_circle
D:9:      layout_basic, erik_lair_island, hellmonk_bongcloud_opening,
          nicolae_sextant, uniq_maggie, uniq_grum
D:10:     layout_layer_cave, chequers_temple_overflow_statue_of_worship,
          fountainhead, roderic_nine_men_s_morris
D:11:     layout_long_grid, david_orc_1_choice
D:12:     layout_irregular_city, lightli_airlock
D:13:     layout_cave_pods, kennysheep_generic_room_6, uniq_lodul
D:14:     layout_cave_pods, david_vaults_4
D:15:     grunt_enter_depths_giant_problem, layout_grid_maze,
          minmay_splitting_lines
Temple:   hc_temple_tempest_star
Lair:1:   layout_hall_layers
Lair:2:   layout_gridlike, nicolae_snake_entry_squirm, grunt_megastairs_2
Lair:3:   layout_chaotic_city, minmay_swamp_entry_swarm, tgw_fedhas,
          serial_bayou_shore_b, serial_bayou_shore_a
Lair:4:   layout_roguey, slime_entry_2
Lair:5:   minmay_lair_end_enchanted_forest, layout_hall_layers
Swamp:1:  layout_basic_swamp, portal_ice_cave_entry_pillars_2,
          hangedman_swamp_ruin_hall
Swamp:2:  layout_basic_swamp, hangedman_swamp_cone, infiniplex_staircase_pool
Swamp:3:  layout_basic_swamp, nicolae_swamp_small_spring
Swamp:4:  grunt_swamp_rune_castle, layout_basic_swamp, swamp_pool1
Orc:1:    layout_caves, basic_altar, uniq_josephine
Orc:2:    st_orc_open, layout_caves, gauntlet_entry_generic, basic_altar,
          nicolae_orc_bridge_out, david_defended_altar_orc

Skill      XL: |  1  2  3  4  5  6  7  8  9 10 11 12 13 14 15 16 |
---------------+-------------------------------------------------+-----
Armour         | 4 5 6 8 9 10 11 12 13 | 13.0
Shields        | 4 5 6 7 8 9 10 11 | 11.0
Fighting       | 4 5 6 8 9 11 12 13 14 16 | 16.0
Axes           | 3 4 5 6 8 9 11 12 14 15 16 17 | 17.2
Dodging        | 2 3 4 5 6 7 8 9 10 0 |  0.0
Maces & Flails | 4 5 |  5.6
Throwing       | 1 2 3 5 6 |  6.2
Ranged Weapons | 5 8 9 11 12 13 | 13.4
Evocations     | 3 4 5 6 |  6.8
Stealth        | 1 2 3 4 |  4.8
Long Blades    | 5 |  5.9
Summonings     | |  0.1

Action                     |  1- 3 |  4- 6 |  7- 9 | 10-12 | 13-15 | 16-18 || total
---------------------------+-------+-------+-------+-------+-------+-------++-------
  Melee: War axe           |    80 |   153 |   238 |   421 |   790 |   202 ||  1884
         Headbutt          |    10 |    17 |    45 |    75 |   173 |    49 ||   369
         Unarmed           |       |     3 |       |       |       |       ||     3
         Flail             |       |       |    63 |       |     4 |       ||    67
         Morningstar       |       |       |       |       |    14 |       ||    14
         Rapier            |       |       |       |       |     3 |     1 ||     4
         Punch             |       |       |       |       |     2 |       ||     2
         Great sword       |       |       |       |       |       |    38 ||    38
   Fire: Sling             |       |       |       |   146 |    52 |       ||   198
         Hand crossbow     |       |       |       |       |   160 |       ||   160
         Arbalest          |       |       |       |       |   105 |   137 ||   242
  Throw: Stone             |       |     2 |       |       |       |       ||     2
         Dart              |       |       |     9 |     9 |     6 |       ||    24
         Boomerang         |       |       |     2 |    22 |    59 |    14 ||    97
   Cast: Summon Small Mamm |       |       |       |       |     1 |       ||     1
 Invoke: Sacrifice Health  |       |       |       |       |     1 |       ||     1
         Sacrifice Nimblen |       |       |       |       |       |     1 ||     1
  Evoke: Piece from Xom's  |       |       |       |     6 |       |     1 ||     7
         Wand              |       |       |       |     6 |     5 |     4 ||    15
    Use: Scroll            |     3 |    10 |     7 |    16 |     5 |     7 ||    48
         Potion            |       |     4 |     4 |     4 |     4 |     7 ||    23
   Stab: Petrified         |       |       |       |       |     1 |       ||     1
         Distracted        |       |       |       |       |     1 |     1 ||     2
         Sleeping          |       |       |       |       |     2 |     2 ||     4
 Armour: Scale mail        |    46 |    52 |   166 |   175 |       |       ||   439
         Acid dragon scale |       |       |       |    78 |   297 |   196 ||   571
  Dodge: Dodged            |    66 |    65 |   156 |   393 |   834 |   374 ||  1888
  Block: Buckler           |    27 |    25 |    81 |   134 |   200 |       ||   467
         Tower shield      |       |       |       |       |    77 |    11 ||    88

Table legend: (Time is in decaauts)
 A = Elapsed time spent in this place.
 B = Non-inter-level travel time spent in this place.
 C = Inter-level travel time spent in this place.
 D = Time resting spent in this place.
 E = Time spent auto-exploring this place.
 F = Levels seen in this place.
 G = Mean time per level.
                   A        B        C        D        E       F      G
               +--------+--------+--------+--------+--------+-----+--------+
         Total |  52945 |  49197 |   3748 |  19685 |   6630 |  27 | 1960.9 |
       Dungeon |  29508 |  27064 |   2444 |  10622 |   4346 |  15 | 1967.2 |
        Temple |     77 |     63 |     14 |      0 |      0 |   1 |   77.0 |
          Lair |   9410 |   8672 |    738 |   2309 |   1307 |   5 | 1882.0 |
         Swamp |  10571 |  10100 |    471 |   5898 |    692 |   4 | 2642.8 |
  Orcish Mines |   3377 |   3298 |     79 |    854 |    285 |   2 | 1688.5 |
               +--------+--------+--------+--------+--------+-----+--------+

Top non-repeatable levels by time:
 Swamp:2: 3910 daAuts
    D:14: 3904 daAuts
     D:9: 3818 daAuts
 Swamp:3: 3671 daAuts
    D:12: 3043 daAuts
     D:5: 2363 daAuts
    D:13: 2342 daAuts
  Lair:5: 2199 daAuts
  Lair:4: 2142 daAuts
  Lair:3: 2078 daAuts
 Swamp:1: 2061 daAuts
   Orc:2: 1865 daAuts
    D:10: 1809 daAuts
     D:8: 1711 daAuts
    D:15: 1607 daAuts
